 Dungeon Crawl Stone Soup version 0.27.1-3-gb3d3a73c9e (webtiles) character file.

Game seed: 16807354854277259840

18 H0rd4k the Charlatan (level 2, 0/21 HPs)
             Began as a Human Artificer on Oct 11, 2021.
             Slain by a goblin (2 damage)
             ... on level 1 of the Dungeon.
             The game lasted 00:01:10 (1160 turns).

H0rd4k the Charlatan (Human Artificer)              Turns: 1160, Time: 00:01:10

Health: 0/21       AC:  3    Str: 12    XL:     2   Next: 90%
Magic:  2/2        EV: 11    Int: 11    God:
Gold:   21         SH:  0    Dex: 13    Spells: 1/1 levels left

rFire    . . .     SeeInvis .   f - +0 great sword
rCold    . . .     Faith    .   (shield currently unavailable)
rNeg     . . .     Spirit   .   b - +0 leather armour
rPois    .         Reflect  .   (no helmet)
rElec    .         Harm     .   (no cloak)
rCorr    .         Rampage  .   (no gloves)
Will     .....                  (no boots)
Stlth    +.........             (no amulet)
HPRegen  0.07/turn              (no ring)
MPRegen  0.08/turn              (no ring)

@: no status effects
A: no striking features
a: no special abilities


You were on level 1 of the Dungeon.
You visited 1 branch of the dungeon, and saw 1 of its levels.

You collected 21 gold pieces.

Inventory:

Hand Weapons
 f - a +0 great sword (weapon)
Armour
 b - a +0 leather armour (worn)
Wands
 c - a wand of flame (12) (quivered)
 d - a wand of charming (14)
Potions
 a - a potion of magic {unknown}
Miscellaneous
 e - a piece from Xom's chessboard (15/15)


   Skills:
 + Level 1.0 Fighting
 + Level 0.3 Long Blades
 + Level 2.1 Armour
 + Level 1.3 Dodging
 + Level 1.3 Stealth
 + Level 3.4 Evocations


You had one spell level left.
You didn't know any spells.
Your spell library was empty.

Dungeon Overview and Level Annotations

Branches:
Dungeon (1/15)

Altars:


Message History

Found 21 arrows.
You now have 21 gold pieces (gained 11).
Found 4 gold pieces.
a - a fizzy sapphire potion A rat and a goblin come into view.
There are monsters nearby!
A goblin comes into view. It is wielding a +0 dagger.
Found a leather armour.
You closely miss the rat. The rat bites you.
You closely miss the rat. The rat barely misses you.
You riposte.
You closely miss the rat. The rat bites you but does no damage.
You closely miss the goblin. The rat barely misses you.
The goblin closely misses you. The rat misses you.
You riposte.
You barely miss the rat. The goblin misses you.
You closely miss the goblin. The rat bites you but does no damage.
The goblin barely misses you. x2; You riposte.
You closely miss the goblin. The rat bites you.
The goblin shouts!
The rat bites you.
A quokka comes into view.
The rat bites you but does no damage. The rat bites you but does no damage.
You slash the rat!
You kill the rat!
The goblin hits you with a +0 dagger.
You hit the goblin.
You kill the goblin!
The goblin hits you with a +0 club.
You miss the goblin. The goblin closely misses you.
You riposte.
You closely miss the goblin. The goblin hits you with a +0 club.
You miss the goblin. The goblin hits you with a +0 club.
* * * LOW HITPOINT WARNING * * *
Your leather armour prevents you from hitting the goblin.
The goblin hits you with a +0 club.
* * * LOW HITPOINT WARNING * * *
The goblin barely misses you.
You barely miss the goblin.
A ball python comes into view.
The goblin hits you with a +0 club.
You die...

. .......... .
.....
#.#S#....##... ...#
####.#.#.#..##...
..#
..[............#
#.#
#.......#!######.#
#....$#.#.........
#.##.##....##.....
#g##.###......##.#
#@##.###...##.##.#
##.##.......##.##.#
#..........)##.##.#
##.###.###[.##.##.#
........#
#.รท##.....
.........#
##)##.....
.........#
#.....#.#
........(. ...##.#.
.........
##..##.#.#


You could see a goblin and a ball python (wandering).

Vanquished Creatures
  An endoplasm (D:1)
  A giant cockroach (D:1)
  2 goblins (D:1)
  4 jackals (D:1)
  A bat (D:1)
  3 kobolds (D:1)
  2 rats (D:1)
14 creatures vanquished.

Vanquished Creatures (collateral kills)
  3 jackals (D:1)
3 creatures vanquished.

Grand Total: 17 creatures vanquished

Notes
Turn   | Place    | Note
-------+----------+-------------------------------------------
     0 | D:1      | H0rd4k the Human Artificer began the quest for the Orb.
     0 | D:1      | Reached XP level 1. HP: 15/15 MP: 1/1
   533 | D:1      | Reached XP level 2. HP: 21/21 MP: 2/2
   575 | D:1      | HP: 1/21 [giant cockroach (1)]
  1160 | D:1      | Slain by a goblin

Illustrated notes

Levels and vault maps discovered:
D:1:      dpeg_arrival_court, layout_basic

Action                   || total
-------------------------++-------
Melee: Club              ||    28
       Great sword       ||    55
Evoke: Wand              ||     4
 Stab: Sleeping          ||     1
Armor: Leather armour    ||    42
Dodge: Dodged            ||    71
       Rpst.: Great sword ||    17
